 Dungeon Crawl Stone Soup version 0.19-a0 (webtiles) character file.

111 Mefis the Magician (level 4, -2/24 HPs)
             Began as a Deep Elf Wizard on Apr 28, 2016.
             Killed from afar by a white imp (6 damage)
             ... with a puff of frost
             ... summoned by Natasha
             ... on level 2 of the Dungeon.
             The game lasted 00:06:18 (1804 turns).

Mefis the Magician (Deep Elf Wizard)                Turns: 1804, Time: 00:06:19

Health: -2/24      AC:  3    Str:  4    XL:     4   Next: 62%
Magic:  3/13       EV: 13    Int: 24    God:
Gold:   90         SH:  0    Dex: 13    Spells: 6 memorised, 0 levels left

rFire  . . .     SeeInvis +     o - +0 dagger
rCold  . . .     Gourm    .     a - +0 robe
rNeg   . . .     Faith    .     (no shield)
rPois  .         Spirit   .     b - +0 hat
rElec  .         Dismiss  .     (no cloak)
rCorr  .         Reflect  .     (no gloves)
SustAt .         Harm     .     p - +0 pair of boots (curse)
MR     .....                    (no amulet)
Stlth  +.........               j - ring of see invisible
                                f - ring of loudness (curse)

@: not resistant to hostile enchantments, very unstealthy
A: no striking features
a: no special abilities


You were on level 2 of the Dungeon.
You were hungry.

You visited 1 branch of the dungeon, and saw 2 of its levels.

You collected 90 gold pieces.

Inventory:

Hand Weapons
 e - a +0 hunting sling
 o - a +0 dagger (weapon)
Missiles
 s - 15 poisoned needles
 v - 24 sling bullets
Armour
 a - a +0 robe (worn)
 b - a +0 hat (worn)
 p - a cursed +0 pair of boots (worn)
Jewellery
 f - a cursed ring of loudness (left hand)
 j - a ring of see invisible (right hand)
 r - an uncursed amulet of magic regeneration {unknown}
Scrolls
 g - 5 scrolls of identify {unknown}
 k - a scroll of magic mapping {unknown}
 q - a scroll of random uselessness {unknown}
 t - a scroll of fog {unknown}
Potions
 m - a potion of invisibility {unknown}
 n - a potion of haste {unknown}
 w - a potion of mutation {unknown}
Books
 c - a book of Minor Magic

   Spells                             Type                      Level
   a - Magic Dart                     Conjuration                  1
   b - Blink                          Translocation                2
   c - Call Imp                       Summoning                    2
   d - Repel Missiles                 Charms/Air                   2
   e - Slow                           Hexes                        2
   f - Conjure Flame                  Conjuration/Fire             3
   g - Mephitic Cloud                 Conjuration/Poison/Air       3
Comestibles
 d - 2 bread rations
 h - a royal jelly
 l - a beef jerky
 u - a chunk of flesh


   Skills:
 + Level 3.0 Dodging
 + Level 3.3 Stealth
 + Level 5.4 Spellcasting
 + Level 2.1 Conjurations
 + Level 2.2 Summonings
 + Level 1.7 Translocations


You couldn't memorise any spells.
You knew the following spells:

 Your Spells              Type           Power        Failure   Level  Hunger
a - Magic Dart            Conj           ###.         3%          1    None
b - Call Imp              Summ           ###.....     6%          2    None
c - Blink                 Tloc           N/A          8%          2    None
d - Repel Missiles        Chrm/Air       #.....       14%         2    None
e - Mephitic Cloud        Conj/Pois/Air  ##......     21%         3    #......
f - Conjure Flame         Conj/Fire      ##......     21%         3    #......


Dungeon Overview and Level Annotations

Branches:
Dungeon (2/15)

Altars:

Annotations:
D:2 Natasha


Message History

Drink which item? (? for menu, Esc to quit)
It was a potion of curing.
You feel better. Natasha claws you.
Natasha casts a spell.
Natasha growls.
The white imp gestures at you.
The puff of frost is repelled.
The crimson imp blinks!
The crimson imp blinks!
The white imp gestures at you.
The puff of frost is repelled.
You feel less protected from missiles.
The white imp shouts, "Quit, thou spongy earth-vexing foot-licker!"
The white imp gestures at you. The puff of frost hits you!
* * * LOW HITPOINT WARNING * * *
Your magical contamination has completely faded away.
Natasha mewls in sadness.
The white imp gestures at you. The puff of frost hits you!
You die...

#.#..##.# #S# #.####
...#.##.# #h# #.#
#.##.##.### #5# #.#
#.##.#....########## #.#
#<# # #..##...........#
#.# #.# ##.
##..#######.# #.# #.# #
#..# #.###5# #†#
...########....(#####.#
###.......@............#
######################


You could see a white imp.

Vanquished Creatures
  Natasha (twice) (D:2)
  An adder (D:2)
  2 giant geckos
  2 giant cockroaches (D:1)
  3 goblins (D:2)
  3 hobgoblins
  2 jackals (D:1)
  7 kobolds
  A ball python (D:2)
  8 bats
  3 giant newts (D:2)
  8 rats
42 creatures vanquished.

Vanquished Creatures (collateral kills)
  2 adders (D:2)
2 creatures vanquished.

Grand Total: 44 creatures vanquished

Notes
Turn   | Place    | Note
--------------------------------------------------------------
     0 | D:1      | Mefis the Deep Elf Wizard began the quest for the Orb.
     0 | D:1      | Reached XP level 1. HP: 10/10 MP: 7/7
   150 | D:1      | Reached skill level 5 in Spellcasting
   153 | D:1      | Reached XP level 2. HP: 15/15 MP: 1/10
   157 | D:1      | Learned a level 2 spell: Call Imp
   160 | D:1      | Learned a level 2 spell: Blink
   163 | D:1      | Learned a level 2 spell: Repel Missiles
  1078 | D:2      | Reached XP level 3. HP: 19/19 MP: 9/11
  1083 | D:2      | Learned a level 3 spell: Mephitic Cloud
  1401 | D:2      | Noticed Natasha
  1405 | D:2      | Killed Natasha
  1405 | D:2      | Reached XP level 4. HP: 24/24 MP: 5/13
  1412 | D:2      | Learned a level 3 spell: Conjure Flame
  1517 | D:2      | Noticed Natasha
  1524 | D:2      | Killed Natasha
  1768 | D:2      | Noticed Natasha
  1782 | D:2      | HP: 1/24 [poisoned by an adder]
  1804 | D:2      | Killed from afar by a white imp

Vault maps used:
D:1:      dpeg_arrival_rhombi
D:2:      kennysheep_the_goblin_king, uniq_crazy_yiuf_cottage, uniq_natasha,
          uniq_iyjb, uniq_jessica

Skill      XL: |  1  2  3  4 |
---------------+-------------+-----
Spellcasting   | 5 |  5.4
Stealth        | 3 |  3.3
Conjurations   | 2 |  2.1
Summonings     | 2 |  2.2
Dodging        | 3 |  3.0
Translocations | |  1.7

Action                   |  1- 3 |  4- 6 || total
-------------------------+-------+-------++-------
 Cast: Magic Dart        |    73 |    25 ||    98
       Repel Missiles    |     1 |       ||     1
       Call Imp          |     3 |       ||     3
       Mephitic Cloud    |     1 |     1 ||     2
       Blink             |       |     3 ||     3
  Use: Potion            |       |     1 ||     1
  Eat: Chunk             |     1 |     1 ||     2
Armor: Robe              |     7 |       ||     7
Dodge: Dodged            |     8 |     6 ||    14
       Deflected         |       |     2 ||     2
